Map: Arctic Dream LE

Players

yeyo

  • Race: Terran Terran
  • League: Gold

TheSiuG

  • Race: Zerg Zerg
  • League: Bronze

Faust

  • Race: Zerg Zerg

Throwfordays

  • Race: Protoss Protoss
  • League: Silver

VOD

Have the link to the VOD?

Description

Time

  • Played on: Aug. 25, 2021, 11:28 p.m.
  • Length: 13:52
Show
View Real Time Build Order
Export as new Build Order

yeyo Terran 

Build Orders:  

Get SALT Encoding   

  12  0:00  SCV  
  13  0:12  SCV  
  14  0:20  Supply Depot  
  14  0:24  SCV  
  15  0:30  Refinery  
  15  0:41  SCV  
  16  0:46  Barracks  
  16  0:55  SCV  
  17  1:10  SCV  
  18  1:22  SCV  
  19  1:34  Orbital Command  
  19  1:41  Barracks Reactor  
  19  1:49  Command Center  
  19  2:10  SCV, Supply Depot  
  20  2:17  Refinery  
  20  2:18  Marine x2  
  22  2:26  Factory  
  22  2:32  SCV  
  22  2:36  Marine  
  24  2:44  SCV  
  25  2:48  Supply Depot  
  25  2:50  Marine  
  26  2:56  SCV  
  26  3:00  Orbital Command  
  26  3:08  SCV  
  26  3:10  Factory Tech Lab  
  27  3:14  Starport  
  27  3:19  Marine  
  27  3:20  Marine, SCV  
  30  3:32  SCV, Engineering Bay  
  31  3:39  Siege Tank  
  34  3:44  SCV  
  36  3:48  SCV  
  36  3:52  Starport Reactor  
  36  3:56  SCV  
  36  3:57  Marine x2  
  36  4:00  SCV  
  36  4:02  Barracks  
  40  4:15  Marine  
  41  4:23  Marine  
  42  4:27  SCV x2  
  42  4:31  Supply Depot  
  44  4:33  Marine  
  45  4:39  SCV x2  
  47  4:46  Terran Infantry Armor Level 1  
  47  4:48  Supply Depot  
  47  4:51  Barracks Tech Lab  
  47  4:53  Barracks  
  47  4:55  Barracks  
  41  5:16  Stimpack  
  41  5:20  Medivac x2  
  42  5:26  Command Center  
  42  5:31  SCV x2  
  42  5:35  Supply Depot  
  44  5:38  Siege Tank  
  44  5:42  Barracks Reactor  
  47  5:43  Barracks Reactor, SCV x2  
  49  5:55  SCV  
  50  6:00  Supply Depot  
  50  6:03  SCV  
  51  6:06  Marine, Marauder  
  51  6:07  SCV, Armory  
  55  6:15  SCV, Missile Turret  
  56  6:19  SCV  
  56  6:23  Siege Tank  
  60  6:27  SCV  
  60  6:31  SCV  
  62  6:38  Marine  
  62  6:39  Marine x5, SCV, Marauder  
  71  6:42  Orbital Command  
  71  6:43  SCV  
  72  6:48  Refinery  
  72  6:49  Refinery  
  72  6:51  SCV  
  73  6:55  SCV  
  73  6:56  Marine x3  
  73  6:57  Marine x3, Engineering Bay  
  73  7:00  Marauder, Terran Infantry Weapons Level 1  
  82  7:07  SCV x2  
  82  7:08  SCV  
  85  7:10  Combat Shield  
  85  7:14  Marine x3  
  88  7:16  Medivac  
  88  7:19  SCV x2  
  88  7:21  Marauder  
  94  7:31  Supply Depot, Terran Infantry Armor Level 2  
  94  7:33  Marine x3  
  94  7:34  Marine x3  
  100  7:42  Marine  
  101  7:52  Marine x6  
  101  7:54  Supply Depot  
  101  7:57  Supply Depot  
  107  8:00  Medivac  
  109  8:09  Supply Depot  
  109  8:15  Marine x3, SCV x3  
  109  8:16  Marauder  
  109  8:18  Marine x2  
  109  8:19  Supply Depot, Medivac  
  121  8:23  Supply Depot  
  121  8:25  Marine  
  122  8:27  SCV x2  
  122  8:29  Concussive Shells  
  122  8:33  Marine, Supply Depot, Terran Vehicle Weapons Level 1  
  125  8:37  Marauder  
  125  8:38  Marine x3  
  125  8:39  Marine  
  131  8:43  Marine  
  132  8:51  Marine, SCV  
  134  8:56  Marine x4  
  134  8:57  Supply Depot  
  134  8:58  Marauder  
  134  9:00  SCV  
  134  9:01  Marine, SCV  
  143  9:03  SCV  
  143  9:08  Marine  
  145  9:13  SCV x2  
  145  9:14  Marine  
  145  9:15  SCV  
  149  9:20  Marauder  
  149  9:21  Marine x4  
  149  9:23  Siege Tank  
  156  9:25  SCV x2  
  156  9:26  Marine  
  159  9:32  Marine  
  160  9:38  Marine x2  
  160  9:39  Marine x2  
  160  9:42  Supply Depot  
  160  9:44  Marine, Terran Infantry Weapons Level 2  
  165  9:51  Supply Depot  
  165  9:53  Supply Depot  
  165  9:59  Terran Infantry Armor Level 3  
  165  10:03  Marine x3  
  165  10:04  Refinery x2, Siege Tank, Marauder  
  165  10:06  Marine  
  173  10:08  Marine x2  
  169  10:21  Marine x2  
  169  10:24  Marine  
  169  10:25  Marauder  
  174  10:32  Marine x3  
  177  10:36  Siege Tank  
  177  10:37  Medivac  
  177  10:39  Marine x2  
  177  10:42  Marine  
  185  10:47  Marauder  
  181  10:50  Marine x3  
  171  10:57  Marine x2  
  171  11:00  Marine  
  153  11:08  Marine x3, Medivac x2, Siege Tank, Marauder  
  165  11:15  Marine x2  
  165  11:18  Marine  
  168  11:26  Marine x3  
  168  11:28  Command Center  
  168  11:29  Barracks  
  168  11:30  Marauder  
  173  11:33  Marine x2, Supply Depot  
  173  11:35  Marine  
  173  11:38  Medivac x2  
  180  11:40  Siege Tank  
  180  11:41  Barracks  
  180  11:43  Marine  
  180  11:44  Marine x2  
  186  11:50  Marine x2  
  186  11:53  Marine  
  189  11:55  Marauder  
  189  11:56  Supply Depot  
  189  11:58  Supply Depot  
  191  12:01  Marine x2  
  191  12:02  Marine  
  194  12:08  Marine x2  
  194  12:11  Marine  
  197  12:18  Siege Tank  
  197  12:20  Supply Depot  
  200  12:26  Marauder  
  200  12:29  Marine x3  
  190  12:30  Marine x3  
  164  12:47  Marine x4, Marauder  
  164  12:48  Marine x2  
  164  12:50  Siege Tank  
  160  12:59  Barracks Reactor x2  
  160  13:05  Marine x6, Barracks, Medivac x2  
  160  13:09  Marauder  
  160  13:11  Barracks  
  170  13:23  Marine x6  
  179  13:30  Marauder  
Show
View Real Time Build Order
Export as new Build Order

TheSiuG Zerg 

Build Orders: Hatch First, Swarm Host 

Get SALT Encoding   

  12  0:01  Drone  
  13  0:12  Overlord  
  13  0:17  Drone  
  14  0:31  Drone  
  14  0:32  Drone  
  14  0:35  Drone  
  17  0:45  Drone  
  18  0:56  Hatchery  
  17  1:00  Extractor  
  17  1:01  Drone  
  17  1:08  Drone  
  19  1:21  Spawning Pool  
  17  1:28  Drone  
  18  1:39  Drone  
  20  2:08  Zergling x4  
  20  2:09  Zergling x2  
  20  2:12  Queen  
  20  2:13  Queen  
  20  2:14  Metabolic Boost  
  26  2:16  Zergling x2  
  26  2:21  Overlord  
  27  2:42  Drone  
  27  2:43  Drone x3  
  31  2:54  Drone  
  31  2:55  Drone x2  
  34  2:58  Lair  
  34  3:11  Zergling x4  
  35  3:37  Zergling x2  
  36  3:45  Overlord x3  
  33  3:52  Extractor  
  30  4:05  Hatchery  
  29  4:12  Zergling x12  
  35  4:18  Drone x3  
  35  4:23  Nydus Network  
  37  4:27  Extractor  
  37  4:28  Extractor  
  35  4:37  Drone  
  35  4:38  Drone x3  
  41  4:45  Zergling x2  
  41  4:46  Zergling x2  
  41  4:50  Zergling x12  
  45  5:13  Nydus Canal  
  42  5:18  Queen  
  43  5:25  Hydralisk Den  
  43  5:26  Drone x5  
  43  5:27  Drone  
  46  5:45  Extractor  
  46  5:49  Hydralisk Den  
  38  5:55  Drone x3  
  42  6:00  Queen  
  44  6:06  Zergling x2  
  44  6:07  Zergling x22  
  56  6:14  Hydralisk, Grooved Spines  
  56  6:15  Hydralisk  
  56  6:17  Hydralisk  
  56  6:18  Hydralisk x2  
  62  6:21  Overlord x2  
  59  6:59  Drone  
  59  7:00  Drone x2  
  62  7:11  Extractor, Drone  
  62  7:12  Drone x2  
  62  7:13  Extractor, Overlord x2  
  62  7:14  Overlord  
  63  7:17  Drone x6  
  69  7:59  Muscular Augments  
  69  8:04  Evolution Chamber  
  68  8:06  Evolution Chamber  
  68  8:10  Drone x4  
  71  8:15  Drone  
  71  8:16  Drone x9  
  81  8:25  Zergling x2  
  81  8:26  Zergling x14  
  86  8:43  Zerg Ground Armor Level 1, Zerg Missile Weapons Level 1  
  86  8:46  Hydralisk  
  86  8:47  Hydralisk x9  
  96  9:24  Hydralisk  
  96  9:25  Hydralisk x4  
  106  9:47  Infestation Pit  
  105  10:19  Overlord x11  
  105  10:30  Nydus Network  
  105  10:33  Hive  
  105  10:34  Pathogen Glands  
  104  10:50  Hydralisk  
  104  10:51  Hydralisk x18  
  104  10:52  Hydralisk x5  
  152  11:03  Zergling x2  
  152  11:04  Zergling x4  
  155  11:11  Zergling x8  
  158  11:13  Zergling x2  
  158  11:16  Zergling x4  
  162  11:18  Zergling x2  
  162  11:19  Zergling x8  
  167  11:47  Infestor x4  
  167  11:48  Infestor  
  167  11:54  Swarm Host x5  
  192  12:02  Overlord x2  
  192  12:03  Overlord x4  
  192  12:08  Pneumatized Carapace  
  192  12:30  Nydus Canal  
  192  12:35  Swarm Host  
  192  12:36  Hatchery, Swarm Host x2  
  194  13:09  Swarm Host  
  194  13:10  Swarm Host  
  198  13:15  Nydus Canal  
Show
View Real Time Build Order
Export as new Build Order

Faust Zerg 

Build Orders: Hatch First, Lurkers, Muta Ling Bane 

Get SALT Encoding   

  12  0:01  Drone  
  13  0:08  Drone  
  13  0:13  Extractor  
  13  0:15  Drone  
  15  0:24  Overlord  
  16  0:42  Drone  
  16  0:43  Drone  
  17  0:55  Hatchery  
  17  0:56  Drone  
  17  0:59  Drone  
  18  1:14  Spawning Pool  
  17  1:19  Drone  
  17  1:21  Drone  
  19  1:31  Drone  
  20  1:39  Drone  
  21  1:49  Overlord  
  21  2:06  Queen  
  21  2:07  Queen  
  25  2:08  Drone  
  25  2:09  Drone  
  25  2:15  Drone  
  28  2:23  Drone x2  
  30  2:31  Extractor  
  30  2:33  Drone x2  
  31  2:40  Overlord  
  31  2:59  Drone x3  
  31  3:04  Queen x2  
  38  3:12  Spine Crawler  
  37  3:13  Hatchery  
  37  3:16  Drone x4  
  40  3:27  Overlord x2  
  40  3:37  Zergling x6  
  40  3:38  Zergling x2  
  44  3:44  Queen x2  
  48  3:52  Drone  
  48  3:55  Zergling x6, Extractor x2  
  51  3:56  Zergling x2  
  51  3:59  Zergling x6  
  51  4:02  Metabolic Boost  
  54  4:05  Drone x3  
  57  4:23  Overlord x2  
  57  4:27  Drone x2  
  57  4:28  Drone x4  
  57  4:30  Queen  
  65  4:36  Extractor  
  64  4:50  Drone x3  
  64  4:51  Drone  
  64  4:52  Drone x2  
  70  4:53  Lair  
  70  4:56  Drone x2  
  70  4:58  Zergling x4  
  73  5:25  Roach Warren  
  72  5:28  Evolution Chamber  
  72  5:29  Evolution Chamber  
  72  5:30  Drone  
  72  5:31  Drone x3  
  74  5:42  Baneling Nest  
  73  5:52  Drone  
  73  5:53  Overlord x3  
  74  6:00  Spire  
  74  6:01  Hydralisk Den  
  72  6:06  Extractor, Drone x3  
  72  6:07  Extractor  
  72  6:41  Hatchery  
  60  6:48  Drone  
  60  6:49  Drone x5  
  60  6:50  Zergling x2  
  60  6:51  Zergling x28  
  81  7:03  Lurker Den, Infestation Pit  
  81  7:04  Zerg Ground Armor Level 1, Zerg Missile Weapons Level 1  
  79  7:09  Drone  
  79  7:10  Drone x2  
  79  7:12  Drone  
  79  7:13  Drone x4  
  87  7:24  Drone x4  
  87  7:26  Drone x4  
  87  7:28  Overlord  
  87  7:29  Overlord  
  95  7:31  Drone x2  
  97  7:38  Centrifical Hooks  
  97  7:43  Evolution Chamber  
  96  7:44  Spore Crawler, Drone x3  
  96  7:47  Baneling x5  
  96  7:49  Overlord x3  
  98  7:53  Spore Crawler  
  98  7:55  Spore Crawler  
  96  8:01  Drone  
  96  8:02  Drone x10  
  96  8:03  Queen  
  105  8:16  Hive  
  105  8:17  Burrow  
  105  8:19  Drone  
  103  8:20  Drone x7  
  109  8:37  Drone x5  
  109  8:40  Spine Crawler  
  109  8:41  Spine Crawler  
  112  8:42  Overlord x2  
  111  9:13  Baneling x11  
  111  9:14  Mutalisk x5  
  111  9:15  Mutalisk x2  
  133  9:17  Zergling x2  
  133  9:18  Zergling x8  
  133  9:23  Baneling  
  126  9:24  Baneling x4  
  102  9:42  Zerg Melee Weapons Level 1, Zerg Ground Armor Level 2  
  102  9:58  Hatchery  
  102  9:59  Extractor  
  69  10:14  Zergling x16  
  69  10:15  Zergling x2  
  72  10:30  Zergling x6  
  72  10:35  Baneling x3  
  75  10:36  Baneling x3  
  75  10:41  Baneling  
  75  10:42  Baneling x11  
  69  10:50  Zergling x12  
  71  11:03  Drone x3  
  70  11:05  Extractor  
  69  11:18  Spire  
  69  11:23  Spore Crawler  
  69  11:24  Spore Crawler  
  69  11:25  Drone  
  67  11:26  Drone x9  
  76  11:33  Spore Crawler  
  76  11:35  Spore Crawler  
  76  11:39  Drone x2  
  77  11:40  Drone  
  77  11:45  Hatchery  
  77  11:46  Drone  
  77  11:47  Drone  
  78  11:48  Hatchery  
  78  11:49  Queen x2  
  78  11:50  Queen  
  83  11:57  Drone  
  83  11:58  Drone, Ultralisk Cavern  
  83  11:59  Drone  
  85  12:01  Adaptive Talons  
  79  12:37  Zergling x2  
  79  12:38  Zergling x22  
  79  12:43  Hatchery  
  90  12:45  Extractor  
  89  12:51  Hydralisk  
  89  12:52  Hydralisk x4  
  99  13:00  Baneling x2  
  99  13:01  Baneling x6  
  99  13:02  Baneling x3  
  99  13:04  Hydralisk x3  
  103  13:06  Hydralisk x2  
  107  13:18  Baneling x6  
  107  13:20  Lurker  
  107  13:23  Hydralisk x2  
  107  13:24  Hydralisk x4  
  107  13:26  Overlord  
  120  13:28  Drone x2  
  120  13:29  Drone  
  123  13:35  Lurker  
  123  13:36  Lurker x6  
Show
View Real Time Build Order
Export as new Build Order

Throwfordays Protoss 

Build Orders: 1 Gate Expand 

Get SALT Encoding   

  12  0:00  Probe  
  13  0:12  Probe  
  14  0:19  Pylon  
  14  0:24  Probe  
  15  0:37  Probe  
  15  0:40  Gateway  
  16  0:47  Assimilator  
  16  0:49  Probe  
  17  1:02  Probe  
  18  1:14  Probe  
  19  1:24  Nexus  
  19  1:26  Probe  
  20  1:38  Cybernetics Core  
  20  1:50  Probe  
  20  1:51  Assimilator  
  21  2:02  Probe  
  22  2:09  Pylon  
  22  2:24  Gateway, Warp Gate (Chrono Boost)  
  22  2:27  Adept  
  24  2:34  Probe (Chrono Boost)  
  25  2:38  Stargate  
  25  2:41  Probe (Chrono Boost)  
  28  2:52  Probe x2 (Chrono Boost)  
  28  2:56  Probe (Chrono Boost)  
  29  3:00  Probe  
  30  3:08  Probe  
  30  3:12  Probe  
  34  3:19  Pylon  
  34  3:20  Adept (Chrono Boost)  
  34  3:21  Pylon  
  34  3:26  Adept (Chrono Boost)  
  34  3:30  Pylon  
  34  3:34  Void Ray  
  34  3:51  Probe  
  35  3:56  Assimilator  
  35  4:07  Adept  
  35  4:13  Probe  
  35  4:15  Probe  
  37  4:18  Void Ray  
  37  4:22  Assimilator  
  37  4:25  Probe (Chrono Boost)  
  37  4:29  Probe (Chrono Boost)  
  43  4:37  Probe (Chrono Boost)  
  44  4:45  Probe (Chrono Boost)  
  45  4:49  Probe (Chrono Boost)  
  45  4:51  Probe  
  47  4:56  Adept  
  47  4:57  Adept  
  49  5:01  Probe  
  49  5:03  Probe  
  49  5:07  Shield Battery  
  49  5:13  Probe  
  44  5:15  Shield Battery, Probe  
  44  5:18  Void Ray  
  44  5:21  Adept x2  
  47  5:27  Probe  
  36  5:58  Void Ray  
  36  5:59  Probe (Chrono Boost)  
  42  6:07  Probe (Chrono Boost)  
  42  6:08  Probe (Chrono Boost)  
  43  6:13  Probe x2 (Chrono Boost)  
  43  6:15  Shield Battery  
  45  6:19  Shield Battery  
  45  6:23  Pylon  
  45  6:25  Probe x2  
  47  6:37  Probe (Chrono Boost)  
  47  6:39  Void Ray  
  49  6:42  Probe (Chrono Boost)  
  54  6:48  Probe (Chrono Boost)  
  54  6:51  Probe (Chrono Boost)  
  54  6:52  Probe (Chrono Boost)  
  56  7:01  Probe  
  56  7:03  Probe  
  58  7:14  Probe  
  59  7:15  Probe  
  59  7:21  Void Ray  
  60  7:22  Nexus  
  60  7:26  Probe  
  60  7:27  Pylon, Probe  
  66  7:38  Probe  
  66  7:40  Probe  
  68  7:52  Probe  
  68  7:53  Shield Battery  
  68  7:56  Assimilator  
  68  7:58  Assimilator  
  69  8:00  Void Ray  
  69  8:02  Pylon  
  69  8:04  Probe  
  74  8:16  Probe  
  75  8:22  Stargate  
  75  8:24  Stargate  
  75  8:26  Protoss Air Weapons Level 1 (Chrono Boost)  
  75  8:27  Cybernetics Core  
  75  8:30  Shield Battery  
  75  8:33  Stargate  
  75  8:36  Fleet Beacon  
  75  8:43  Probe  
  75  8:46  Probe  
  77  8:52  Void Ray  
  77  8:55  Probe  
  78  8:56  Probe  
  78  8:58  Probe  
  84  9:04  Void Ray  
  84  9:06  Adept  
  84  9:07  Adept, Probe  
  84  9:08  Probe  
  90  9:10  Probe  
  90  9:17  Void Ray  
  95  9:20  Probe  
  100  9:30  Pylon  
  100  9:32  Probe  
  101  9:42  Void Ray  
  101  9:48  Probe  
  106  9:54  Pylon  
  106  9:55  Pylon  
  106  9:57  Pylon  
  106  9:58  Pylon  
  106  9:59  Probe  
  107  10:06  Void Ray x2  
  107  10:07  Void Ray  
  107  10:11  Probe  
  120  10:23  Void Ray  
  120  10:24  Probe  
  120  10:25  Protoss Air Armor Level 1  
  125  10:36  Probe  
  126  10:48  Probe  
  107  11:13  Void Ray x4  
  123  11:34  Flux Vanes  
  123  11:45  Forge  
  123  11:48  Forge  
  123  11:50  Void Ray x4  
  139  12:12  Pylon  
  139  12:13  Pylon  
  139  12:15  Pylon  
  139  12:17  Pylon  
  139  12:18  Pylon  
  139  12:20  Pylon  
  139  12:22  Adept  
  141  12:23  Pylon  
  88  12:52  Void Ray  
  83  13:00  Adept  
  83  13:01  Adept  
Tags
 
Add a new tag
Caveats
  • Supply blocks, unpowered buildings, or Contaminate may cause inaccurate times.
  • Supply counts are checked every 10 seconds.